 Dungeon Crawl Stone Soup version 0.29.1-15-g9cfb28693d (webtiles) character file.

Game seed: 949331357110936889

1542032 MacCMillion the End of an Era (level 27, 268/268 HPs)
             Began as a Hill Orc Fighter on Feb 28, 2023.
             Was the Champion of Qazlal.
             Escaped with the Orb
             ... and 3 runes on Mar 1, 2023!
             The game lasted 03:05:24 (84761 turns).

MacCMillion the End of an Era (Hill Orc Fighter)   Turns: 84761, Time: 03:05:25

Health: 268/268    AC: 50    Str: 53    XL:     27
Magic:  40/40      EV: 13    Int:  6    God:    Qazlal [******]
Gold:   7745       SH: 39    Dex:  8    Spells: 26/26 levels left

rFire   + + .      SeeInvis +   k - +9 broad axe of Huas Cilemua {freeze, rElec Dex+2 SInv}
rCold   + . .      Faith    .   G - +8 tower shield {rC+}
rNeg    + . .      Spirit   .   v - +12 gold dragon scales
rPois   +          Reflect  .   N - +1 helmet
rElec   +          Harm     .   c - +1 cloak "Hasyed" {rElec rC- Str+4}
rCorr   .          Rampage  .   O - +2 pair of gloves {hurl}
Will    ++++.                   I - +0 pair of boots of the Mauling Gods {rN+ Will+ Str+4 Stlth-}
Stlth   ..........              t - amulet of regeneration
HPRegen 1.34/turn               a - +6 ring of strength
MPRegen 0.27/turn               U - ring "Mafi" {rF+ Will+ Str+6}

@: studying 2 skills, repel missiles
A: clumsy 2, dopey 1, screaming 1, subdued magic 1
0: Orb of Zot
}: 3/15 runes: decaying, serpentine, silver
a: Renounce Religion, Upheaval, Elemental Force, Disaster Area


You escaped.
You worshipped Qazlal.
Qazlal was exalted by your worship.
You visited 10 branches of the dungeon, and saw 50 of its levels.
You also visited: Ossuary, Ice Cave and Desolation.

You collected 9243 gold pieces.
You spent 1498 gold pieces at shops.

Inventory:

Hand Weapons
 j - a +9 broad axe of flaming
 k - the +9 broad axe of Huas Cilemua (weapon) {freeze, rElec Dex+2 SInv}
   (You took it off an imperial myrmidon in the Desolation of Salt)

   It freezes those it strikes, dealing additional cold damage.
   It can also slow down cold-blooded creatures.
   Dex:       It affects your dexterity (+2).
   rElec:     It insulates you from electricity.
   SInv:      It lets you see invisible.
Missiles
 f - 16 javelins (quivered)
Armour
 c - the +1 cloak "Hasyed" (worn) {rElec rC- Str+4}
   (You found it on level 3 of the Crypt)

   Str:       It affects your strength (+4).
   rC:        It makes you vulnerable to cold.
   rElec:     It insulates you from electricity.
 v - +12 gold dragon scales (worn)
 w - the +3 pair of boots "Ypeotin" {rElec rC++ Dex+2 SInv}
   (You found it on level 4 of the Vaults)

   Dex:       It affects your dexterity (+2).
   rC:        It greatly protects you from cold.
   rElec:     It insulates you from electricity.
   SInv:      It lets you see invisible.
 G - a +8 tower shield of cold resistance (worn)
 I - the +0 pair of boots of the Mauling Gods (worn) {rN+ Will+ Str+4 Stlth-}
   (You found it on level 12 of the Dungeon)

   Str:       It affects your strength (+4).
   rN:        It protects you from negative energy.
   Will:      It increases your willpower.
   Stlth:     It makes you less stealthy.
 N - a +1 helmet (worn)
 O - a +2 pair of gloves of hurling (worn)
Jewellery
 a - a +6 ring of strength (left hand)
 b - a ring of protection from cold
 g - the ring "Mahaeb" {rElec rPois Dex+6}
   (You found it on level 3 of the Elven Halls)

   [ring of dexterity]

   Dex:       It affects your dexterity (+6).
   rElec:     It insulates you from electricity.
   rPois:     It protects you from poison.
 s - a ring of protection from fire
 t - an amulet of regeneration (around neck)
 A - a +6 ring of dexterity
 K - the ring "Utraduh" {rCorr Int+6}
   (You found it on level 5 of the Vaults)

   [ring of intelligence]

   Int:       It affects your intelligence (+6).
   rCorr:     It protects you from acid and corrosion.
 M - a ring of positive energy
 S - a ring of flight
 U - the ring "Mafi" (right hand) {rF+ Will+ Str+6}
   (You found it in the Desolation of Salt)

   [ring of strength]

   Str:       It affects your strength (+6).
   rF:        It protects you from fire.
   Will:      It increases your willpower.
Wands
 p - a wand of light (44)
 L - a wand of digging (13)
 T - a wand of iceblast (53)
 Y - a wand of paralysis (43)
Scrolls
 e - 12 scrolls of teleportation
 l - 11 scrolls of blinking
 q - 17 scrolls of magic mapping
 r - 3 scrolls of silence
 x - 14 scrolls of immolation
 y - 8 scrolls of fear
 C - 4 scrolls of summoning
 H - 14 scrolls of fog
 P - 8 scrolls of vulnerability
 R - 7 scrolls of enchant weapon
 X - 4 scrolls of enchant armour
 Z - a scroll of brand weapon
Potions
 d - 7 potions of might
 h - 8 potions of heal wounds
 i - 4 potions of magic
 m - 4 potions of berserk rage
 n - 5 potions of resistance
 o - 11 potions of haste
 u - 9 potions of flight
 z - 7 potions of ambrosia
 E - a potion of cancellation
 F - 4 potions of invisibility
 J - 11 potions of lignification
 Q - 22 potions of curing
 W - 7 potions of attraction
Miscellaneous
 B - a phial of floods
 D - a box of beasts
 V - a condenser vane


   Skills:
 + Level 25.9 Fighting
 - Level 20.0 Axes
 + Level 25.1 Armour
 - Level 16.0 Dodging
 + Level 26.3 Shields
 O Level 27 Invocations
 - Level 5.0 Evocations


You had 26 spell levels left.
You didn't know any spells.
Your spell library contained the following spells:

 Spells                   Type           Power      Damage    Failure   Level
 Apportation              Tloc           0%         N/A       80%         1
 Beastly Appendage        Tmut           0%         N/A       80%         1
 Foxfire                  Conj/Fire      0%         2x1d4     80%         1
 Freeze                   Ice            0%         1d3       80%         1
 Necrotise                Necr           0%         1d4       80%         1
 Sting                    Tmut/Pois      0%         1d3       80%         1
 Summon Small Mammal      Summ           0%         N/A       80%         1
 Blink                    Tloc           0%         N/A       91%         2
 Ensorcelled Hibernation  Hex/Ice        0%         N/A       91%         2
 Passwall                 Tmut/Erth      0%         N/A       91%         2
 Poisonous Vapours        Pois/Air       0%         N/A       91%         2
 Static Discharge         Conj/Air       0%         3-3/arc   91%         2
 Wereblood                Tmut           0%         N/A       91%         2
 Call Canine Familiar     Summ           0%         N/A       99%         3
 Confusing Touch          Hex            0%         N/A       99%         3
 Conjure Flame            Conj/Fire      0%         6-21      99%         3
 Dazzling Flash           Conj/Hex       0%         N/A       99%         3
 Frozen Ramparts          Ice            0%         1d1       99%         3
 Gell's Gravitas          Tloc           0%         N/A       99%         3
 Ignite Poison            Fire/Tmut/Pois 0%         N/A       99%         3
 Inner Flame              Hex/Fire       0%         N/A       99%         3
 Lesser Beckoning         Tloc           0%         N/A       99%         3
 Ozocubu's Armour         Ice            0%         N/A       99%         3
 Portal Projectile        Hex/Tloc       0%         N/A       99%         3
 Spider Form              Tmut/Pois      0%         N/A       99%         3
 Stone Arrow              Conj/Erth      0%         3d7       99%         3
 Summon Guardian Golem    Hex/Summ       0%         N/A       99%         3
 Swiftness                Air            0%         N/A       99%         3
 Teleport Other           Tloc           0%         N/A       99%         3
 Vampiric Draining        Necr           0%         2d6       99%         3
 Airstrike                Air            0%         2d(0-16)  100%        4
 Animate Armour           Summ/Erth      0%         N/A       100%        4
 Animate Dead             Necr           0%         N/A       100%        4
 Cause Fear               Hex            0%         N/A       100%        4
 Dispel Undead            Necr           0%         3d6       100%        4
 Flame Wave               Conj/Fire      0%         2d4       100%        4
 Hailstorm                Conj/Ice       0%         3d3       100%        4
 Ice Form                 Ice/Tmut       0%         N/A       100%        4
 Iskenderun's Mystic Bla  Conj/Tloc      0%         2d3       100%        4
 Leda's Liquefaction      Hex/Erth       0%         N/A       100%        4
 Olgreb's Toxic Radiance  Pois           0%         N/A       100%        4
 Petrify                  Tmut/Erth      0%         N/A       100%        4
 Sticky Flame             Conj/Fire      0%         2d3       100%        4
 Summon Lightning Spire   Summ/Air       0%         N/A       100%        4
 Agony                    Necr           0%         N/A       100%        5
 Alistair's Intoxication  Tmut/Pois      0%         N/A       100%        5
 Blade Hands              Tmut           0%         N/A       100%        5
 Borgnjor's Vile Clutch   Necr/Erth      0%         N/A       100%        5
 Fireball                 Conj/Fire      0%         3d3       100%        5
 Freezing Cloud           Conj/Ice/Air   0%         6-21      100%        5
 Lightning Bolt           Conj/Air       0%         1d11      100%        5
 Manifold Assault         Tloc           0%         N/A       100%        5
 Metabolic Englaciation   Hex/Ice        0%         N/A       100%        5
 Silence                  Hex/Air        0%         N/A       100%        5
 Summon Forest            Summ/Tloc      0%         N/A       100%        5
 Summon Mana Viper        Hex/Summ       0%         N/A       100%        5
 Yara's Violent Unravell  Hex/Tmut       0%         3d3       100%        5
 Dispersal                Tloc           0%         N/A       100%        6
 Eringya's Noxious Bog    Tmut/Pois      0%         N/A       100%        6
 Iron Shot                Conj/Erth      0%         9d1       100%        6
 Simulacrum               Ice/Necr       0%         N/A       100%        6
 Starburst                Conj/Fire      0%         6d3       100%        6
 Statue Form              Tmut/Erth      0%         N/A       100%        6
 Summon Cactus Giant      Summ           0%         N/A       100%        6
 Dragon Form              Tmut           0%         N/A       100%        7
 Enfeeble                 Hex            0%         N/A       100%        7
 Haunt                    Necr/Summ      0%         N/A       100%        7
 Discord                  Hex            0%         N/A       100%        8
 Disjunction              Tloc           0%         N/A       100%        8
 Ignition                 Fire           0%         3d3       100%        8
 Infestation              Necr           0%         N/A       100%        8
 Dragon's Call            Summ           0%         N/A       100%        9
 Fire Storm               Conj/Fire      0%         5d1       100%        9
 Polar Vortex             Ice            0%         N/A       100%        9


Dungeon Overview and Level Annotations

Branches:
Dungeon (15/15)            Temple (0/1) D:7            Lair (5/5) D:9
  Swamp (4/4) Lair:3        Snake (4/4) Lair:3        Slime (0/5) Lair:4
    Orc (2/2) D:10            Elf (3/3) Orc:2        Vaults (5/5) D:13
  Crypt (3/3) Vaults:2       Tomb (0/3) Crypt:3      Depths (4/4) D:15
    Zot (5/5) Depths:4    Ossuary (visited)           IceCv (visited)
Desolation (visited)

Altars:
Ashenzari
Cheibriados
Dithmenos
Elyvilon
Fedhas
Gozag
Hepliaklqana
Kikubaaqudgha
Nemelex Xobeh
Okawaru
Qazlal
Ru
Sif Muna
Uskayaw
Wu Jian
Yredelemnul
The Shining One
Jiyva
Lugonu

Shops:
D:5 ?   D:6 (   Orc:2 *([:*   Elf:2 [   Vaults:1 =(   Vaults:2 =   Vaults:4 ![
Depths:1 :

Portals:
Hell: Depths:1 Depths:2 Depths:3 Depths:4
Abyss: Lair:5 Depths:1 Depths:2 Depths:3
Pandemonium: Depths:1 Depths:2 Depths:3
Ziggurat: Depths:4

Annotations:
D:3 1 transporter, Merkmiralles's ghost, amateur HOBe
D:4 exclusion: door
D:11 3 runed translucent doors, McKennaii's ghost, journeyman DgEE
Lair:2 exclusion: oklob plant
Lair:4 2 transporters, Unolaf's ghost, journeyman VSFi
Orc:2 3 runed translucent doors, Voland's ghost, journeyman TeAE
Elf:2 3 runed translucent doors
Depths:3 2 transporters, Mescha Mass's ghost, veteran GrEE
Depths:4 exclusions: angel and daeva
Zot:1 3 runed translucent doors, ShutUppercut's ghost, legendary DsGl


Innate Abilities, Weirdness & Mutations

You are very clumsy. (Dex -4)
You are dopey. (Int -2)
You occasionally shout uncontrollably at your foes.
Your spells are a little easier to cast, but a little less powerful.


Message History

You see here a +0 flail.
You see here a +1 whip of flaming.
There is a stone staircase leading up here.
You climb upwards.
Level annotation: exclusion: door
There is a stone staircase leading down, spattered with blood here.
There is a stone staircase leading up here.
You climb upwards.
Level annotation: 1 transporter, Merkmiralles's ghost, amateur HOBe
There is a stone staircase leading down here.
Things that are here:
a +4 scale mail; a +0 scale mail An efreet comes into view.
It is wielding a +3 scimitar of flaming.
You barely miss the efreet. You slice the efreet!! You freeze the efreet!
You kill the efreet!
Qazlal accepts your kill.
No target in view!
(D) Dungeon (T) Temple (L) Lair (S) Swamp (P) Snake Pit (M) Slime Pits (O) Orcish Mines (E) Elven Halls (V) Vaults (C) Crypt (W) Tomb (U) Depths (H) Hell (Z) Zot
Where to? (Enter - D:1 @ (x,y), ? - help)
You see here a +3 scimitar of flaming.
There is a stone staircase leading up here.
You climb upwards.
There is a stone staircase leading down here.
You see here a +0 dagger.
There is a stone staircase leading up here.
You climb upwards.
There is a stone staircase leading down here.
There is a staircase leading out of the dungeon here.
Unknown command.
(D) Dungeon (T) Temple (L) Lair (S) Swamp (P) Snake Pit (M) Slime Pits (O) Orcish Mines (E) Elven Halls (V) Vaults (C) Crypt (W) Tomb (U) Depths (H) Hell (Z) Zot
Where to? (Enter - D:1 @ (x,y), ? - help) You're already here!
You have escaped!

#........................# ###.
##.########.#........###.# #.
#.########.#........# #.## #.
#.......##.#........###..## #.
#..#####.####.....####.#.># #.
#..# ##...###.###...##).# #.
#..# ####...###...###.#.# #.
#..#####.###.....○.## #.#.# #)
#..(.......###○@.### ##.#.# #.
#.####.#.###....○..###....#####.
#.# #.####.(.###...####........
#.####.##...#######...##........
#......#.#####.##.####.#######.#
##..###..## #.##.# ##.# #.#
..........# #.##.# #.# #..
.###.###### #.##.# #.# ### .#
#.# #....## #.# #


There were no monsters in sight!

Vanquished Creatures
  2 dread liches (Vaults:4)
  4 orbs of fire
  2 ancient liches
  Parghit (Depths:3)
  Bai Suzhen (Crypt:3)
  Saint Roka (Elf:1)
  Margery (Depths:4)
  7 Killer Klowns
  Xtahua (Crypt:3)
  Nikola (Depths:1)
  7 golden dragons
  3 curse toes
  2 bone dragons
  Jory (Vaults:3)
  Zenata (Crypt:3)
  2 electric golems (Zot:5)
  Asterion (Depths:2)
  12 tentacled monstrosities
  5 titans
  24 Orb Guardians (Zot:5)
  4 liches
  14 quicksilver dragons
  A sphinx (Vaults:4)
  2 deep elf master archers (Elf:3)
  2 deep elf blademasters (Elf:3)
  A walking divine tome (Depths:3)
  A walking frostbound tome (Depths:4)
  An Executioner (Depths:4)
  Kirke (Swamp:3)
  10 death cobs
  An ancient champion (Crypt:1)
  6 tengu reavers
  11 draconian monks
  12 storm dragons
  Donald (Swamp:3)
  Roxanne (Snake:2)
  A fenstrider witch (Swamp:4)
  A revenant (Crypt:1)
  13 shadow dragons
  6 nagarajas
  4 imperial myrmidons (Desolation)
  The ghost of SnailSD the Severer, a journeyman MiBe of Trog (Snake:1)
  12 fire giants
  Louise (Depths:3)
  12 deep elf sorcerers
  A ghost moth (shapeshifter) (Vaults:4)
  2 balrugs
  9 vault wardens
  6 frost giants
  A caustic shrike zombie (Crypt:3)
  6 draconian shifters
  Aizul (Snake:4)
  An angel (Depths:2)
  3 ghost moths
  5 draconian scorchers
  4 draconian knights
  3 iron dragons
  6 draconian stormcallers
  A reaper (Crypt:2)
  5 war gargoyles
  2 orc warlords
  6 deep elf elementalists (Elf:3)
  3 spriggan defenders (Depths:4)
  3 curse skulls (Crypt:1)
  13 stone giants
  A broodmother (shapeshifter) (Vaults:5)
  12 ironbound thunderhulks
  4 draconian annihilators
  37 very ugly things
  9 deep elf demonologists
  5 eleionomae
  26 ironbound preservers
  8 vampire knights
  7 black draconians
  16 yellow draconians
  13 green draconians
  9 deep elf annihilators (Elf:3)
  4 dire elephants (Vaults:1)
  A lorocyproca (Zot:5)
  7 purple draconians
  6 bunyips
  6 spark wasps
  A halazid warlock (Desolation)
  20 red draconians
  14 white draconians
  13 ettins
  5 deep elf death magi
  A merfolk javelineer (Depths:1)
  5 crystal guardians
  10 fire dragons
  12 jiangshi
  A spriggan zombie (D:15)
  13 yaktaur captains
  5 deep elf high priests
  8 great orbs of eyes
  7 ragged hierophants (Desolation)
  Josephine (D:15)
  A rakshasa (Depths:2)
  10 ice dragons
  5 boulder beetles
  3 spriggan air magi
  7 peacekeepers
  4 servants of whispers (Desolation)
  33 vault guards
  9 hydras
  5 salamander tyrants
  3 ogre magi
  8 centaur warriors
  11 ironbound frosthearts
  2 catoblepae
  7 alligators
  11 anacondas
  20 dancing weapons
  18 naga warriors
  2 death knights
  12 naga sharpshooters
  15 two-headed ogres
  A titan zombie (Crypt:3)
  2 fenstrider witch skeletons
  Urug (Orc:2)
  12 deep troll shamans
  7 tengu warriors
  7 deep troll earth magi
  8 shock serpents
  3 thrashing horrors (Lair:5)
  4 orc high priests
  5 vampire magi
  An azure jelly zombie (Crypt:2)
  A bennu skeleton (Crypt:1)
  7 spriggan berserkers
  Amaemon (D:11)
  A death yak (Lair:3)
  A sun demon (Depths:1)
  23 hell knights
  7 deep elf knights
  2 salamander mystics
  29 skeletal warriors
  2 soul eaters (Crypt:2)
  6 iron trolls
  A storm dragon skeleton (Crypt:1)
  83 deep trolls
  A sixfirhy (D:14)
  3 swamp dragons
  5 goliath frogs
  3 spriggan druids
  5 glowing orange brains
  3 anaconda zombies
  14 lindwurms
  10 bog bodies
  A lindwurm (shapeshifter) (D:13)
  An anaconda skeleton (Crypt:3)
  6 naga ritualists
  9 deep elf archers
  A bunyip skeleton (Crypt:3)
  20 phantasmal warriors
  3 harpies (Vaults:3)
  4 orc knights
  2 flayed ghosts
  20 ironbound convokers
  A broodmother zombie (Crypt:2)
  24 deep elf pyromancers
  6 wizards
  12 necromancers
  A tengu skeleton (D:15)
  17 mana vipers
  8 orc sorcerers
  15 deep elf zephyrmancers
  3 cyclopes
  A sphinx zombie (D:15)
  An oklob plant (Swamp:4)
  A stone giant zombie (Vaults:1)
  7 will-o-the-wisps
  39 ugly things
  3 manticores
  2 salamanders (shapeshifter)
  11 guardian serpents
  19 elephants
  19 salamanders
  2 dire elephant zombies
  A stone giant skeleton (Vaults:1)
  3 torpor snails
  34 moths of wrath
  2 ice statues (IceCv)
  17 vault sentinels
  A frost giant skeleton (D:15)
  36 black mambas
  A molten gargoyle (Desolation)
  An eye of devastation (shapeshifter) (Vaults:5)
  21 naga magi
  2 orange demons
  A dire elephant skeleton (Crypt:3)
  A gargoyle (D:12)
  3 smoke demons
  12 cane toads
  2 unseen horrors
  A kobold demonologist (D:11)
  27 yaktaurs
  2 swamp worm zombies (Swamp:4)
  5 freezing wraiths
  2 rime drakes
  An anaconda simulacrum (IceCv)
  An ice devil (D:8)
  3 guardian mummies (Crypt:1)
  4 komodo dragons
  5 efreet
  An ancient zyme (Lair:5)
  4 hydra zombies
  7 trolls
  6 tengu conjurers
  3 meliai (D:10)
  5 tyrant leeches
  Grinder (D:3)
  48 saltlings
  3 dream sheep
  A slime creature (shapeshifter) (Depths:2)
  2 hydra skeletons (Crypt:1)
  A polar bear (Lair:5)
  11 slime creatures
  15 hornets
  A harpy skeleton (Crypt:3)
  16 blink frogs
  6 spectral swamp dragons (Swamp:4)
  5 alligator zombies (Swamp:4)
  A raiju (shapeshifter) (Lair:5)
  34 flying skulls (Crypt:3)
  A culicivora (shapeshifter) (Elf:3)
  An air elemental (Elf:1)
  An ice dragon skeleton (Crypt:3)
  16 spriggans
  4 shadows
  A vampire (D:11)
  2 ynoxinuls
  17 fire elementals
  A dire elephant simulacrum (IceCv)
  An ettin skeleton (Crypt:3)
  8 basilisks
  7 water elementals
  74 yaks
  7 wraiths
  A human (D:13)
  5 wyverns
  A hog (shapeshifter) (Vaults:5)
  9 hogs
  A neqoxec (Depths:3)
  A redback simulacrum (D:15)
  2 chaos spawn
  2 steam dragons
  2 large abominations (Lair:5)
  15 vampire mosquitoes
  3 death yak simulacra (IceCv)
  3 wargs
  49 nagas
  9 water moccasins
  A deep troll skeleton (Crypt:1)
  A demonspawn skeleton (Crypt:2)
  16 swamp worms
  3 swamp drakes
  33 orc warriors
  An ice beast (D:7)
  5 swamp dragon zombies (Swamp:4)
  6 black bears
  A floating eye zombie (Crypt:2)
  2 ogres (shapeshifter)
  15 ogres
  11 wolves
  4 boggarts (Vaults:1)
  12 centaurs
  9 phantoms
  4 kobold brigands
  2 elf zombies (Ossuary)
  4 earth elementals
  14 bullfrogs
  4 necrophages
  A cane toad simulacrum (IceCv)
  A gnoll sergeant (D:5)
  9 scorpions
  A raiju zombie (Crypt:2)
  10 wights
  2 killer bees (D:9)
  2 electric eels (Lair:2)
  A howler monkey (D:12)
  A centaur zombie (Ossuary)
  6 human zombies
  5 jellies
  14 orc priests
  5 hounds
  A gnoll bouda (D:5)
  13 human skeletons
  A basilisk skeleton (Crypt:2)
  Natasha (twice) (D:4)
  5 iguanas
  12 orc wizards
  A spectral swamp drake (Swamp:4)
  12 hell rats
  A polar bear simulacrum (IceCv)
  8 small abominations (Lair:5)
  An acid dragon skeleton (Crypt:1)
  7 mummies
  Robin (D:3)
  16 gnolls
  7 adders
  8 river rats (Lair:5)
  A swamp drake skeleton (Crypt:2)
  14 white imps
  4 dart slugs
  66 orcs
  5 bats
  6 endoplasms
  4 giant cockroaches
  13 goblins
  10 hobgoblins
  A jackal (D:5)
  8 quokkas
  4 ball pythons
  2 frilled lizards (D:1)
  4 goblin zombies
  10 hobgoblin zombies (Ossuary)
  14 kobolds
  4 kobold zombies (Ossuary)
  12 orc zombies (Ossuary)
  7 rats
  A rat zombie (Ossuary)
2367 creatures vanquished.

Vanquished Creatures (collateral kills)
  Sojobo (Crypt:1)
  Frederick (Crypt:3)
  Rupert (D:15)
  2 titans (Vaults:5)
  Gastronok (D:9)
  A shadow dragon (Vaults:5)
  A daeva (Zot:5)
  A tengu reaver (Crypt:1)
  An imperial myrmidon (Desolation)
  An orc warlord (Orc:2)
  2 vault wardens (Vaults:5)
  A ghoul (Crypt:3)
  An ironbound preserver (Vaults:5)
  An ironbound thunderhulk (Vaults:4)
  A vampire knight (Crypt:3)
  An entropy weaver (Vaults:4)
  Fannar (Lair:2)
  A centaur warrior (D:13)
  2 dancing weapons (Elf:1)
  A death yak (Lair:3)
  An orc high priest (Orc:2)
  A hell knight (Crypt:3)
  A spectral hydra (Swamp:4)
  A swamp dragon (Swamp:3)
  A deep elf zephyrmancer (Elf:1)
  A necromancer (Crypt:3)
  A deep elf pyromancer (Elf:1)
  2 ugly things
  3 orc sorcerers (Orc:2)
  A guardian serpent (Snake:1)
  An ice statue (IceCv)
  A naga mage (Snake:1)
  A smoke demon (Lair:5)
  A vault sentinel (Vaults:5)
  2 black mambas (Snake:1)
  A troll (Orc:2)
  A polar bear (Lair:5)
  2 saltlings (Desolation)
  A blink frog (Lair:5)
  A culicivora (shapeshifter) (D:8)
  2 air elementals (Elf:1)
  A basilisk (Lair:5)
  2 yaks (Lair:5)
  A fire elemental (Zot:4)
  A small abomination (Lair:5)
  3 orc warriors (Orc:2)
  A killer bee (D:9)
  An elephant simulacrum (IceCv)
  5 orcs (Orc:2)
65 creatures vanquished.

Vanquished Creatures (others)
  An ancient lich (Zot:5)
  2 draconian knights (Zot:4)
  A war gargoyle (Vaults:5)
  A naga sharpshooter (Snake:4)
  A guardian serpent (Snake:3)
  2 bloated husks
  A tyrant leech (Swamp:4)
  A boggart (Vaults:1)
  24 foxfires
  35 fungi
  42 plants
  2 withered plants (D:15)
113 creatures vanquished.

Grand Total: 2545 creatures vanquished

Notes
Turn   | Place    | Note
-------+----------+-------------------------------------------
     0 | D:1      | MacCMillion the Hill Orc Fighter began the quest for the
                  | Orb.
     0 | D:1      | Reached XP level 1. HP: 19/19 MP: 1/1
   184 | D:1      | Found a faded altar of an unknown god.
   280 | D:1      | Reached XP level 2. HP: 14/26 MP: 2/2
  1079 | D:2      | Reached XP level 3. HP: 21/31 MP: 3/3
  2029 | D:2      | Reached XP level 4. HP: 36/39 MP: 4/4
  2182 | D:2      | Reached skill level 5 in Axes
  2614 | D:3      | Noticed Grinder
  2614 | D:3      | Paralysed by Grinder for 3 turns
  2689 | D:3      | Found a stormy altar of Qazlal.
  2783 | D:3      | Became a worshipper of Qazlal Stormbringer
  3015 | D:3      | Found a transporter.
  3047 | D:3      | Noticed Merkmiralles's ghost (amateur HOBe)
  3047 | D:3      | Noticed an ogre
  3049 | D:3      | Identified the +4 great mace "Zedyr" {venom, rN+ Will+
                  | Str+2}
  3049 | D:3      | Noticed an ogre
  3080 | D:3      | Reached XP level 5. HP: 44/45 MP: 5/5
  3147 | D:3      | Noticed Robin
  3276 | D:3      | Found a hazy altar of Hepliaklqana.
  3321 | D:3      | Killed Robin
  3579 | D:3      | Paralysed by Grinder for 2 turns
  3604 | D:4      | Noticed a phantom
  3622 | D:4      | Killed a phantom
  3623 | D:4      | Reached XP level 6. HP: 41/53 MP: 6/6
  3645 | D:4      | Reached skill level 5 in Fighting
  4147 | D:4      | Reached XP level 7. HP: 26/62 MP: 7/7
  4338 | D:4      | Identified the +10 arbalest of a Hundred People {freeze,
                  | rF+ Str+6 Int+4}
  4534 | D:4      | Found a shimmering blue altar of Sif Muna.
  4584 | D:4      | Reached * piety under Qazlal
  5262 | D:4      | Noticed Natasha
  5269 | D:4      | Killed Natasha
  5388 | D:4      | Found an ornate altar of the Wu Jian Council.
  5424 | D:4      | Noticed Natasha
  5430 | D:4      | Killed Natasha
  5461 | D:5      | Entered Level 5 of the Dungeon
  5494 | D:4      | Reached XP level 8. HP: 5/73 MP: 8/8
  6016 | D:5      | Reached skill level 10 in Axes
  6092 | D:5      | Found a sand-covered staircase.
  6103 | Ossuary  | Entered an ossuary
  6174 | Ossuary  | Reached ** piety under Qazlal
  6550 | D:5      | Found a sparkling altar of Nemelex Xobeh.
  6563 | D:5      | Reached skill level 5 in Armour
  6563 | D:5      | Reached XP level 9. HP: 73/83 MP: 9/9
  6635 | D:5      | Found a snail-covered altar of Cheibriados.
  6662 | D:5      | Reached *** piety under Qazlal
  6857 | D:5      | Reached skill level 1 in Invocations
  6956 | D:5      | Found a shadowy altar of Dithmenos.
  7002 | D:5      | Found a sacrificial altar of Ru.
  7053 | D:5      | Found Cedd's Magic Scroll Boutique.
  7095 | D:5      | Bought a scroll of teleportation for 39 gold pieces
  7095 | D:5      | Bought a scroll of blinking for 97 gold pieces
  7095 | D:5      | Bought a scroll of enchant weapon for 97 gold pieces
  7095 | D:5      | Bought a scroll of identify for 26 gold pieces
  7095 | D:5      | Bought 2 scrolls of identify for 52 gold pieces
  7161 | D:5      | Found an iron altar of Okawaru.
  7311 | D:6      | Reached skill level 2 in Invocations
  7351 | D:6      | Reached skill level 3 in Invocations
  7646 | D:6      | Reached skill level 4 in Invocations
  7657 | D:6      | Reached skill level 5 in Invocations
  7675 | D:6      | Reached skill level 10 in Fighting
  7675 | D:6      | Reached XP level 10. HP: 35/93 MP: 12/14
  7676 | D:6      | Reached skill level 6 in Invocations
  7914 | D:6      | Found Opnivvos's Firing Range.
  8103 | D:6      | Found a blossoming altar of Fedhas.
  8550 | D:7      | Paralysed by a hornet for 2 turns
  8741 | D:7      | Reached skill level 7 in Invocations
  8754 | D:7      | Found a staircase to the Ecumenical Temple.
  8863 | D:7      | Killed an unseen horror
  8934 | D:7      | Reached **** piety under Qazlal
  9289 | D:7      | Found a white marble altar of Elyvilon.
  9427 | D:7      | Found a hide-covered altar of Uskayaw.
  9556 | D:8      | Found an ancient bone altar of Kikubaaqudgha.
  9942 | D:3      | Paralysed by Grinder for 5 turns
  9956 | D:3      | Paralysed by Grinder for 5 turns
  9965 | D:3      | Killed Grinder
 11143 | D:8      | Identified the ring of Hoxteut {MP+9 SInv}
 11435 | D:8      | Reached XP level 11. HP: 101/102 MP: 16/16
 12043 | D:9      | Noticed Gastronok
 12058 | D:9      | Killed Gastronok
 12433 | D:9      | Identified the +1 chain mail of Parlour Games {rN+ Will-
                  | Str+4 SInv}
 12675 | D:9      | Found a staircase to the Lair.
 12743 | D:9      | Found a basalt altar of Yredelemnul.
 12960 | D:9      | Paralysed by a hornet for 2 turns
 13482 | D:10     | Entered Level 10 of the Dungeon
 14110 | D:10     | Noticed a boulder beetle
 14133 | D:9      | Killed a boulder beetle
 14134 | D:9      | Reached skill level 15 in Axes
 14134 | D:9      | Reached skill level 10 in Armour
 14735 | D:10     | Reached XP level 12. HP: 96/113 MP: 17/17
 15082 | D:10     | Found a staircase to the Orcish Mines.
 16268 | D:11     | Noticed an eight-headed hydra
 16576 | D:11     | Noticed a two-headed ogre
 16678 | Lair:1   | Entered Level 1 of the Lair of Beasts
 16972 | Orc:1    | Entered Level 1 of the Orcish Mines
 16998 | Orc:1    | Noticed a two-headed ogre
 17008 | Orc:1    | Killed a two-headed ogre
 17009 | Orc:1    | Reached skill level 8 in Invocations
 17508 | Orc:2    | Entered Level 2 of the Orcish Mines
 17508 | Orc:2    | Found Fuippado's Antique Armour Emporium.
 17762 | Lair:1   | Reached skill level 9 in Invocations
 17917 | Lair:1   | Noticed a four-headed hydra
 17925 | Lair:1   | Killed a one-headed hydra
 18054 | Lair:1   | Identified the +7 long sword of Beogh's Delight {antimagic,
                  | Will- Dex+2 SInv}
 18202 | Lair:1   | Reached skill level 10 in Invocations
 18289 | Lair:1   | Noticed a four-headed hydra
 18300 | Lair:1   | Killed a one-headed hydra
 18669 | Lair:2   | Noticed Fannar
 19070 | Lair:2   | Reached skill level 11 in Invocations
 19104 | Lair:2   | Killed Fannar
 19105 | Lair:2   | Reached XP level 13. HP: 105/124 MP: 15/21
 19246 | Lair:2   | Found a frozen archway.
 19267 | IceCv    | Entered an ice cave
 19820 | IceCv    | Reached skill level 12 in Invocations
 20789 | Lair:3   | Reached skill level 13 in Invocations
 21013 | Lair:3   | Found a staircase to the Snake Pit.
 21264 | Lair:3   | Found a staircase to the Swamp.
 22031 | Lair:3   | Reached skill level 5 in Shields
 22286 | Lair:4   | Reached skill level 15 in Fighting
 22287 | Lair:4   | Reached skill level 14 in Invocations
 22368 | Lair:4   | Found a staircase to the Slime Pits.
 22368 | Lair:4   | Found a viscous altar of Jiyva.
 22428 | Lair:4   | Reached ***** piety under Qazlal
 22444 | Lair:4   | Found a transporter.
 22582 | Lair:4   | Reached XP level 14. HP: 126/135 MP: 24/24
 23000 | Lair:4   | Noticed Unolaf's ghost (journeyman VSFi)
 23018 | Lair:4   | Found a transporter.
 23490 | Lair:5   | Entered Level 5 of the Lair of Beasts
 23499 | Lair:5   | Reached skill level 15 in Invocations
 26088 | Lair:5   | Found a corrupted altar of Lugonu.
 26088 | Lair:5   | Found a one-way gate to the infinite horrors of the Abyss.
 26617 | Orc:2    | Reached XP level 15. HP: 135/144 MP: 26/26
 26622 | Orc:2    | Reached skill level 16 in Invocations
 26725 | Orc:2    | Found Rang's General Store.
 26742 | Orc:2    | Noticed an orc warlord
 26756 | Orc:2    | Noticed an orc warlord
 26779 | Orc:2    | Killed an orc warlord
 27212 | Orc:2    | Killed an orc warlord
 27632 | Orc:2    | Found Luxorir's Book Shop.
 27708 | Orc:2    | Found a staircase to the Elven Halls.
 27738 | Orc:2    | Found a runed translucent gate.
 27738 | Orc:2    | Found a runed translucent gate.
 27738 | Orc:2    | Found an opulent altar of Gozag.
 27738 | Orc:2    | Found a runed translucent gate.
 27738 | Orc:2    | Noticed Voland's ghost (journeyman TeAE)
 27922 | Orc:2    | Found Pagolaer's Antique Weapon Shoppe.
 27939 | Orc:2    | Reached skill level 10 in Shields
 28049 | Orc:2    | Noticed Urug
 28055 | Orc:2    | Killed Urug
 28194 | Orc:2    | Found Sagguyn's Assorted Antiques.
 28998 | D:11     | Found a runed translucent gate.
 28999 | D:11     | Found a runed translucent gate.
 29001 | D:11     | Found a runed translucent gate.
 29002 | D:11     | Noticed McKennaii's ghost (journeyman DgEE)
 29090 | D:11     | Noticed Amaemon
 29097 | D:11     | Killed Amaemon
 29936 | D:12     | Identified the +0 pair of boots of the Mauling Gods {rN+
                  | Will+ Str+4 Stlth-}
 31127 | D:13     | Got the Precepts of the Captivating Blaze
 31907 | D:13     | Found a gate to the Vaults.
 32200 | Orc:2    | Bought the +3 warlock's mirror {reflect} for 1000 gold
                  | pieces
 32200 | Orc:2    | Found the +3 warlock's mirror {reflect}
 32212 | Orc:2    | Bought a pair of runed gloves for 187 gold pieces
 32765 | D:14     | Found a broken altar of Ashenzari.
 32807 | D:14     | Reached skill level 17 in Invocations
 32833 | D:14     | Found a glowing golden altar of the Shining One.
 33026 | D:15     | Entered Level 15 of the Dungeon
 33053 | D:15     | Reached XP level 16. HP: 144/155 MP: 28/28
 33094 | D:15     | Found a staircase to the Depths.
 33976 | D:15     | Noticed Rupert
 33990 | D:15     | Killed Rupert
 34351 | D:15     | Noticed Josephine
 34360 | D:15     | Killed Josephine
 34500 | D:15     | Found a sacrificial altar of Ru.
 34525 | D:15     | Reached skill level 15 in Armour
 35177 | Snake:1  | Entered Level 1 of the Snake Pit
 35178 | Snake:1  | Found a runed translucent gate.
 35188 | Snake:1  | Found a runed translucent gate.
 35341 | Snake:1  | Found a runed translucent gate.
 35346 | Snake:1  | Noticed SnailSD's ghost (journeyman MiBe)
 36304 | Snake:1  | Identified the +1 robe of Guwnoqe {rN+ Dex+2}
 36514 | Snake:1  | Identified a scroll of acquirement
 36515 | Snake:1  | Acquired a manual of Armour
 37125 | Snake:2  | Reached skill level 18 in Invocations
 37188 | Snake:2  | Found an opulent altar of Gozag.
 38112 | Snake:2  | Reached XP level 17. HP: 147/163 MP: 30/30
 38251 | Snake:2  | Identified Roxanne's Papyrus of Stones
 38251 | Snake:2  | Noticed Roxanne
 38270 | Snake:2  | Killed Roxanne
 40660 | Snake:3  | Reached skill level 15 in Shields
 41580 | Snake:3  | Reached ****** piety under Qazlal
 41916 | Snake:3  | Reached skill level 19 in Invocations
 42376 | Snake:4  | Entered Level 4 of the Snake Pit
 43671 | Snake:4  | Noticed Aizul
 43682 | Snake:4  | Killed Aizul
 45094 | Snake:4  | Reached XP level 18. HP: 119/176 MP: 31/31
 45940 | Snake:4  | Noticed a quicksilver dragon
 45945 | Snake:4  | Killed a quicksilver dragon
 46354 | Snake:4  | Noticed a quicksilver dragon
 46363 | Snake:4  | Killed a quicksilver dragon
 46537 | Snake:4  | Reached skill level 20 in Invocations
 46970 | Snake:4  | Got a serpentine rune of Zot
 48155 | Snake:2  | Found an opulent altar of Gozag.
 49004 | Snake:1  | Killed SnailSD's ghost
 49124 | Swamp:1  | Entered Level 1 of the Swamp
 51277 | Swamp:3  | Noticed Donald
 51288 | Swamp:3  | Killed Donald
 51873 | Swamp:4  | Entered Level 4 of the Swamp
 51873 | Swamp:4  | Noticed Kirke
 51886 | Swamp:3  | Killed Kirke
 51887 | Swamp:3  | Reached skill level 21 in Invocations
 51988 | Swamp:4  | Reached skill level 1 in Evocations
 52022 | Swamp:4  | Reached XP level 19. HP: 161/187 MP: 33/33
 53061 | Swamp:4  | Noticed a bone dragon
 53086 | Swamp:4  | Killed a bone dragon
 53087 | Swamp:4  | Reached skill level 5 in Evocations
 53327 | Swamp:4  | Got a decaying rune of Zot
 53629 | Elf:1    | Entered Level 1 of the Elven Halls
 53639 | Elf:1    | Paralysed by an air elemental for 1 turns
 54640 | Elf:1    | Paralysed by an air elemental for 1 turns
 54647 | Elf:1    | Paralysed by an air elemental for 1 turns
 55291 | Elf:2    | Noticed Saint Roka
 55320 | Elf:1    | Killed Saint Roka
 55424 | Elf:2    | Found Polootsu's Armour Shoppe.
 55657 | Elf:2    | Found a crumbling gateway.
 55667 | Desolati | Entered the Desolation of Salt
 55929 | Desolati | Got the Anthology of the Shivering Wayfarer
 55951 | Desolati | Got the Secrets of Graupel
 55989 | Desolati | Identified the +9 broad axe of Huas Cilemua {freeze, rElec
                  | Dex+2 SInv}
 56209 | Desolati | Reached XP level 20. HP: 195/195 MP: 34/34
 56255 | Desolati | Identified the ring "Mafi" {rF+ Will+ Str+6}
 56261 | Desolati | Identified the +5 rapier "Nats" {flame, Contam rCorr Dex+4}
 56264 | Desolati | Identified the +9 short sword of Karma {venom, Fragile
                  | rElec rN+ Int+4}
 56270 | Desolati | Identified the +9 falchion of Powerful Duty {vamp, rPois
                  | rCorr SInv}
 56794 | Elf:2    | Found a runed translucent gate.
 56795 | Elf:2    | Found a runed translucent gate.
 56795 | Elf:2    | Found a runed translucent gate.
 56959 | Elf:3    | Entered Level 3 of the Elven Halls
 57549 | Elf:3    | Noticed a Tzitzimitl
 57573 | Elf:3    | Identified the ring "Mahaeb" {rElec rPois Dex+6}
 57750 | Elf:3    | Noticed a Brimstone Fiend
 58381 | Elf:3    | Identified the +11 hand axe of the Open Hand {vorpal, rPois
                  | Stlth+}
 58393 | Elf:3    | Reached skill level 22 in Invocations
 58564 | Elf:3    | Identified the +1 quarterstaff of Asmecyo {speed, Contam
                  | rElec Will+ SInv}
 58730 | Elf:3    | Found the +12 pair of quick blades "Gyre" and "Gimble"
                  | {protect}
 58753 | Elf:3    | Got the Parchment of the Allied Chill
 58799 | Elf:3    | Identified the +11 dagger of Kiwkue {venom, Str+3}
 58800 | Elf:3    | Identified the +8 glaive of the Enemy {drain, Int+4}
 59192 | Vaults:1 | Entered Level 1 of the Vaults
 59207 | Vaults:1 | Found Votsoich's Jewellery Emporium.
 59457 | Vaults:1 | Reached XP level 21. HP: 194/202 MP: 36/36
 59585 | Vaults:1 | Reached skill level 23 in Invocations
 60681 | Vaults:1 | Found Nekkite's Antique Weapon Shoppe.
 60838 | Vaults:1 | Identified the +8 ring mail "Gyhehot" {Dex+2}
 60963 | Vaults:2 | Reached skill level 24 in Invocations
 61333 | Vaults:2 | Reached skill level 25 in Invocations
 61560 | Vaults:2 | Found a staircase to the Crypt.
 62025 | Vaults:2 | Found Lutiokh's Jewellery Shop.
 62110 | Vaults:2 | Reached XP level 22. HP: 203/211 MP: 38/38
 62451 | Vaults:3 | Reached skill level 26 in Invocations
 62810 | Vaults:3 | Noticed Jory
 62839 | Vaults:3 | Killed Jory
 62997 | Vaults:3 | Reached skill level 27 in Invocations
 63064 | Vaults:3 | Reached skill level 1 in Dodging
 63662 | Vaults:4 | Identified the +3 pair of boots "Ypeotin" {rElec rC++ Dex+2
                  | SInv}
 63721 | Vaults:4 | Reached skill level 5 in Dodging
 63751 | Vaults:4 | Found Isuegh Loiv's Armour Boutique.
 64720 | Vaults:4 | Found Vecyteuf's Distillery.
 64948 | Vaults:5 | Entered Level 5 of the Vaults
 64956 | Vaults:5 | Reached XP level 23. HP: 181/217 MP: 32/40
 65012 | Vaults:5 | Reached skill level 10 in Dodging
 65428 | Depths:1 | Entered Level 1 of the Depths
 65536 | Depths:1 | Found a gateway to Hell.
 65763 | Depths:1 | Found Leliah's Book Shop.
 66172 | Depths:1 | Found a one-way gate leading to the halls of Pandemonium.
 66218 | Depths:1 | Found a corrupted altar of Lugonu.
 66271 | Depths:1 | Noticed Nikola
 66281 | Depths:1 | Killed Nikola
 66546 | Depths:2 | Noticed Asterion
 66559 | Depths:2 | Killed Asterion
 67837 | Depths:3 | Noticed Parghit
 67857 | Depths:3 | Killed Parghit
 68646 | Depths:3 | Reached XP level 24. HP: 231/231 MP: 40/40
 68808 | Depths:3 | Found a transporter.
 68920 | Depths:3 | Noticed Mescha Mass's ghost (veteran GrEE)
 68961 | Depths:3 | Found a transporter.
 69501 | Depths:3 | Noticed Louise
 69530 | Depths:3 | Killed Louise
 69729 | Depths:3 | Found a hazy altar of Hepliaklqana.
 70056 | Depths:4 | Entered Level 4 of the Depths
 70067 | Depths:4 | Noticed Margery
 70083 | Depths:4 | Killed Margery
 70466 | Depths:4 | Found a gate to the Realm of Zot.
 70789 | Depths:4 | Found a one-way gateway to a ziggurat.
 71407 | Vaults:5 | Noticed a dread lich
 71454 | Vaults:4 | Killed a dread lich
 71455 | Vaults:4 | Reached XP level 25. HP: 213/238 MP: 40/40
 71493 | Vaults:5 | Noticed a dread lich
 71551 | Vaults:4 | Killed a dread lich
 71948 | Vaults:5 | Identified the amulet "Wihuax" {Spirit rF+}
 71950 | Vaults:5 | Identified the +0 shortbow of Fury {vorpal, rC+ Str-5 Dex+3
                  | SInv}
 71953 | Vaults:5 | Got a silver rune of Zot
 71986 | Vaults:5 | Identified the +7 chain mail of the Beekeeper {rPois Int+2}
 72196 | Vaults:5 | Got the Handbook of Jinxing
 72197 | Vaults:5 | Identified the +7 great sword of Contention {antimagic, rF+
                  | Str+2}
 72199 | Vaults:5 | Identified the +5 buckler of Hyku Gurch {Str+4}
 72207 | Vaults:5 | Identified the +6 morningstar "Giwked" {flame, rElec Int-4
                  | Dex+4}
 72209 | Vaults:5 | Identified the +1 leather armour of Past Mistakes {*Slow
                  | rElec Str+5}
 72483 | Vaults:5 | Identified the +6 hand axe "Wiuz" {holy, *Noise Int+6
                  | Dex+2}
 72490 | Vaults:5 | Identified the ring "Utraduh" {rCorr Int+6}
 73156 | Crypt:1  | Entered Level 1 of the Crypt
 73501 | Crypt:1  | Noticed Sojobo
 73510 | Crypt:1  | Paralysed by an air elemental for 1 turns
 73516 | Crypt:1  | Killed Sojobo
 74548 | Crypt:2  | Found an ancient bone altar of Kikubaaqudgha.
 74829 | Crypt:3  | Entered Level 3 of the Crypt
 74941 | Crypt:3  | Noticed Xtahua
 74959 | Crypt:3  | Killed Xtahua
 74963 | Crypt:3  | Noticed Bai Suzhen
 74973 | Crypt:3  | Killed Bai Suzhen
 74974 | Crypt:3  | Reached XP level 26. HP: 251/251 MP: 35/40
 74979 | Crypt:3  | Noticed Zenata
 74992 | Crypt:3  | Killed Zenata
 75156 | Crypt:3  | Noticed Frederick
 75167 | Crypt:3  | Killed Frederick
 75273 | Crypt:3  | Found an ancient bone altar of Kikubaaqudgha.
 75320 | Crypt:3  | Found a staircase to the Tomb.
 75320 | Crypt:3  | Found the +7 great mace "Undeadhunter" {disrupt, rN+}
 75357 | Crypt:3  | Noticed an ancient lich
 75372 | Crypt:3  | Killed an ancient lich
 75518 | Crypt:3  | Identified the +6 broad axe of Yguicw {vamp, rC++ rN+
                  | Str-3}
 75521 | Crypt:3  | Identified the +1 cloak "Hasyed" {rElec rC- Str+4}
 76578 | Zot:1    | Entered Level 1 of the Realm of Zot
 77646 | Zot:1    | Found a runed translucent gate.
 77647 | Zot:1    | Found a runed translucent gate.
 77649 | Zot:1    | Found a runed translucent gate.
 77649 | Zot:1    | Noticed ShutUppercut's ghost (legendary DsGl)
 79759 | Zot:3    | Reached XP level 27. HP: 227/261 MP: 40/40
 81193 | Zot:4    | Acquired 773 gold pieces
 81644 | Zot:4    | Reached skill level 15 in Dodging
 82326 | Zot:4    | Noticed an orb of fire
 82332 | Zot:4    | Gained mutation: You occasionally shout uncontrollably at
                  | your foes. [an orb of fire]
 82348 | Zot:4    | Killed an orb of fire
 82564 | Zot:5    | Entered Level 5 of the Realm of Zot
 83400 | Zot:5    | Noticed an ancient lich
 83416 | Zot:5    | Noticed an orb of fire
 83428 | Zot:5    | Killed an orb of fire
 83446 | Zot:5    | Killed an ancient lich
 83447 | Zot:5    | Noticed an ancient lich
 83457 | Zot:5    | Killed an ancient lich
 83886 | Zot:5    | Paralysed by a Zot trap for 2 turns
 83907 | Zot:5    | Noticed an orb of fire
 83926 | Zot:5    | Killed an orb of fire
 84113 | Zot:5    | Noticed an orb of fire
 84114 | Zot:5    | Gained mutation: You are clumsy. (Dex -2) [an orb of fire]
 84120 | Zot:5    | Gained mutation: You are very clumsy. (Dex -4) [an orb of
                  | fire]
 84125 | Zot:5    | Gained mutation: Your spells are a little easier to cast,
                  | but a little less powerful. [an orb of fire]
 84128 | Zot:5    | Killed an orb of fire
 84188 | Zot:5    | Got the Orb of Zot
 84230 | Zot:5    | Noticed a seraph
 84462 | Depths:3 | Gained mutation: You are dopey. (Int -2) [a neqoxec]
 84468 | Depths:3 | Noticed a seraph
 84761 | D:$      | Escaped with the Orb!

Illustrated notes

Levels and vault maps discovered:
D:1:      dpeg_arrival_simpleton_a, layout_loops_ring,
          shapermc_ecumenical_altar_venn
D:2:      layout_basic
D:3:      layout_basic, lemuel_round_altar, mainiacjoe_overflow_brackets,
          gammafunk_ghost_smash, uniq_grinder, uniq_robin
D:4:      layout_layer_cave, nzn_wu_jian_council_hall, led_sif_book,
          uniq_natasha
D:5:      layout_cave_pools, kennysheep_slug_shrine, general_overflow_altar,
          nemelex_xobeh_ov_fountains_minmay, mainiacjoe_overflow_catch_the_wave,
          enter_ossuary_2, serial_gnoll_camp, gnoll_camp_mini_basic,
          gnoll_camp_mini_basic, gnoll_camp_mini_hut, gnoll_camp_mini_shop
D:6:      layout_loops_ring, kennysheep_mini, nicolae_shop_firing_range
D:7:      layout_loops_ring, mainiacjoe_overflow_alcove_4, kennysheep_mini_moat,
          minmay_temple_entry_grid, chequers_serial_rivers_small_a
D:8:      layout_loops_ring, mainiacjoe_overflow_small_starburst,
          kennysheep_island_fort
D:9:      layout_irregular_city, mainiacjoe_overflow_24_doors,
          david_lair_generic, uniq_gastronok
D:10:     layout_loops_corners, hiddenorc1_lemuel
D:11:     layout_grid_maze, gammafunk_ghost_split, uniq_amaemon
D:12:     layout_loops_ring
D:13:     layout_basic, david_vaults_5, grunt_livestock
D:14:     layout_basic, lemuel_coloured_pillars_altar,
          ashenzari_conservatory_becter
D:15:     gammafunk_depths_entry_grave, layout_gridville,
          minmay_misc_feat_roman, nicolae_ru_awakened_eye, uniq_rupert,
          uniq_josephine
Lair:1:   layout_loops_ring
Lair:2:   minmay_lair_oklob_tunnel, layout_loops_ring,
          portal_ice_cave_entry_imps, evilmike_ambush
          [evilmike_ambush_outer_pillars, evilmike_ambush_inner_pond],
          serial_bayou_shore_a, uniq_fannar
Lair:3:   layout_concentric_octagons, skrybe_swamp_entry_bodies,
          guppyfry_snake_entry_island, kennysheep_catoblepas_arena
Lair:4:   layout_long_grid, nicolae_slime_entry_slimehenge,
          gammafunk_ghost_berserking_beasts
Lair:5:   hellmonk_lair_end_abyssal_woods, layout_layer_cave, kennysheep_rathole
Swamp:1:  layout_falls_marsh, nicolae_swamp_oxbows
Swamp:2:  layout_basic_swamp, hangedman_swamp_pad, infiniplex_staircase_pool
Swamp:3:  layout_basic_swamp, evilmike_swamp_ruin_house_6, swamp_pool1,
          nicolae_swamp_little_swirl, uniq_donald
Swamp:4:  swamp_pestilence, layout_basic_swamp, uniq_kirke
Snake:1:  layout_basic, gammafunk_ghost_split, grunt_megastairs_2
Snake:2:  layout_onion, basic_altar, nicolae_snake_gridmaze_tees,
          nicolae_large_snake_swirl, uniq_roxanne
Snake:3:  layout_rooms, lemuel_fruit_tree
Snake:4:  hellmonk_snake_rune_quicksilver_temple, layout_misc_corridors,
          grunt_megastairs_1, uniq_aizul
Orc:1:    layout_caves
Orc:2:    grunt_orc_gardens, layout_diamond_mine, grunt_orc_garden,
          grunt_orc_garden, grunt_orc_garden, grunt_orc_garden,
          ebering_ghost_gozag, uniq_urug
Elf:1:    minmay_elf_arrival_plus, layout_geoelf_octagon,
          hangedman_elf_represent, nicolae_elf_variegated_diamond
Elf:2:    nicolae_elf_blades_crystal_corner, layout_geoelf_octagon,
          portal_desolation_entry_salt, serial_shops, nicolae_shop_behind_doors,
          uniq_agnes, uniq_saint_roka
Elf:3:    minmay_elf_hall_four_x, layout_geoelf_octagon, grunt_megastairs_4
Vaults:1: hangedman_vaults_capsules, nicolae_vaults_network_star,
          nicolae_vaults_theta, hangedman_vaults_stream,
          hangedman_vaults_corner_blocks, nicolae_vaults_big_angled_halls,
          ontoclasm_vaults_eye, layout_vaults_big_room, serial_shops, shop,
          nicolae_shop_crystal
Vaults:2: vaults_mumra_hexcomb, ontoclasm_vaults_shuriken,
          hangedman_vaults_stretched_pinwheel, vaults_room_semicircle,
          ontoclasm_vaults_idyll, vaults_room_pools,
          nicolae_vaults_network_square, v_misc_30,
          nicolae_vaults_windows_and_doors_thing, v_misc_26, grunt_vaults_focal,
          vaults_dpeg_encased_lava, layout_vaults_omnigrid, dummy_crypt_entry,
          serial_shops, nicolae_shop_behind_doors
Vaults:3: nicolae_vaults_asterisk, hangedman_vaults_impose, vaults_room_pool,
          hangedman_vaults_pinch, vaults_room_stairs_pillars,
          dpeg_vaults_monster_box, nicolae_vaults_circle_grid_b, v_misc_14,
          nicolae_vaults_murderbox, v_misc_1, vaults_mumra_chevron_long,
          nicolae_vaults_rhombus_7, layout_vaults_omnicross, uniq_jory
Vaults:4: hangedman_vaults_nails, nicolae_vaults_know_your_exits,
          hangedman_vaults_restitches, nicolae_vaults_little_squares_1,
          nicolae_vaults_ring_of_whatevers,
          vaults_standard_mumra_enter_the_diamond, vaults_room_mumra_shop_pool,
          dpeg_vaults_monster_row, vaults_dpeg_hooks, vaults_mumra_hex,
          nicolae_vaults_little_squares_6, nicolae_vaults_little_ls, v_misc_5,
          layout_vaults_ring, serial_shops, nicolae_shop_stone
Vaults:5: serial_shops
Crypt:1:  layout_regular_city, grunt_crypt_arrival_guarded_gate, uniq_sojobo
Crypt:2:  layout_basic, basic_altar
Crypt:3:  cryptofortress_bobbens, uniq_bai_suzhen, uniq_frederick, uniq_xtahua,
          uniq_zenata
Depths:1: layout_gridlike, pan_entry, serial_shops, nicolae_shop_hallway_stairs,
          lightli_too_deep, abyss_entry_flame_altar, kennysheep_flooded_box,
          skrybe_limestone_x, chequers_big_river, uniq_nikola
Depths:2: wad_guarded_room, layout_small_grid, abyss_entry,
          rand_demon_pan_entry_8, minmay_misc_feat_hallway, pf_coc_iceberg,
          uniq_asterion
Depths:3: kennysheep_windowed_halls, layout_basic,
          pf_vacation_house_of_asmodeus, nzn_hepliaklqana_mist_gate,
          gammafunk_ghost_abyssal_escape, pan_entry,
          nicolae_abyss_entry_one_way_or_another, infiniplex_staircase_zigzag_4,
          uniq_parghit
Depths:4: grunt_x_marks_the_spot, layout_basic, enter_ziggurat_d, hex_medium,
          hell_entry, abandoned_shop, minmay_misc_feat_five, uniq_margery
Zot:1:    layout_cathedral_of_symmetry, gammafunk_ghost_tricky_traps
Zot:2:    layout_onion_interference, bh_zot_ikea_curve, zot_minivault_5
Zot:3:    kennysheep_bubbly, layout_misc_corridors
Zot:4:    lemuel_firehouse, layout_onion, lemuel_elevator
Zot:5:    layout_gridlike, st_stairs_11

Skill      XL: |  1  2  3  4  5  6  7  8  9 10 11 12 13 14 15 16 17 18 19 20 21 22 23 24 25 26 27 |
---------------+----------------------------------------------------------------------------------+-----
Axes           | 3 4 5 6 7 9 10 11 13 15 16 18 20 | 20.0
Shields        | 4 5 9 11 14 15 18 20 23 24 25 26 | 26.3
Fighting       | 4 5 7 9 10 11 12 14 15 16 17 18 19 20 21 22 23 24 25 | 25.9
Armour         | 5 6 8 10 11 12 13 14 15 18 20 21 22 23 25 | 25.1
Invocations    | 5 7 11 14 15 17 18 19 21 22 25 27 | 27.0
Evocations     | 2 5 |  5.0
Dodging        | 8 11 12 14 16 | 16.0

Action                   |  1- 3 |  4- 6 |  7- 9 | 10-12 | 13-15 | 16-18 | 19-21 | 22-24 | 25-27 || total
-------------------------+-------+-------+-------+-------+-------+-------+-------+-------+-------++-------
Melee: War axe           |    90 |   155 |   333 |   505 |       |       |       |       |       ||  1083
       Broad axe         |       |       |       |    94 |   834 |  1046 |  1062 |  1180 |  1629 ||  5845
Throw: Dart              |       |     6 |    22 |    14 |       |       |       |       |       ||    42
       Boomerang         |       |     5 |       |     3 |       |       |       |       |       ||     8
       Javelin           |       |       |       |       |       |     1 |       |       |       ||     1
Invok: Elemental Force   |       |       |       |     4 |    15 |     5 |     7 |     7 |     8 ||    46
       Upheaval          |       |       |       |     3 |       |       |     7 |     6 |     4 ||    20
       Disaster Area     |       |       |       |       |       |       |     1 |     4 |     1 ||     6
Evoke: Wand              |       |       |       |       |     1 |     8 |    33 |       |     1 ||    43
  Use: Potion            |     2 |       |     2 |     4 |       |       |     1 |     4 |    11 ||    24
       Scroll            |       |       |    13 |     8 |    11 |     9 |     5 |    16 |     2 ||    64
 Stab: Paralysed         |       |       |       |     3 |     4 |     6 |     4 |    11 |    11 ||    39
       Petrified         |       |       |       |       |     2 |       |       |       |       ||     2
       Invisible         |       |       |       |       |     1 |       |     1 |       |       ||     2
       Distracted        |       |       |       |       |       |     1 |     1 |     3 |     1 ||     6
       Confused          |       |       |       |       |       |       |       |       |     1 ||     1
Armor: Scale mail        |    52 |    49 |       |       |       |       |       |       |       ||   101
       Plate armour      |       |    28 |   154 |   237 |   378 |   348 |   437 |   255 |       ||  1837
       Skin              |       |       |       |    10 |       |       |       |       |       ||    10
       Gold dragon scale |       |       |       |       |       |       |       |    97 |   550 ||   647
Dodge: Dodged            |    48 |    52 |    69 |    99 |   167 |   207 |   210 |   219 |   328 ||  1399
       Repelled          |       |       |       |       |     3 |    34 |     9 |    11 |    31 ||    88
Block: Buckler           |    22 |    37 |    98 |   223 |   252 |   813 |   859 |   522 |       ||  2826
       Kite shield       |       |       |       |       |   209 |       |       |       |       ||   209
       Reflection        |       |       |       |       |     3 |   142 |    95 |    51 |       ||   291
       Tower shield      |       |       |       |       |       |       |       |   467 |  2208 ||  2675
